 Dungeon Crawl Stone Soup version 0.29-a0-845-g6161e89988 (webtiles) character file.

Game seed: 2116123375309032265

9624 zeratav the Fighter (level 11, 0/114 (121) HPs)
             Began as an Octopode Venom Mage on July 16, 2022.
             Was an Initiate of Gozag.
             Slain by a wight
             ... wielding a +0 morningstar
              (5 damage)
             ... on level 10 of the Dungeon.
             The game lasted 00:38:49 (14632 turns).

zeratav the Fighter (Octopode Venom Mage)          Turns: 14632, Time: 00:38:49

HP:   0/114 (121)   AC: 25    Str: 14    XL:     11   Next: 49%
MP:   27/27         EV:  2    Int: 28    God:    Gozag
Gold: 823           SH:  3    Dex: 12    Spells: 13/20 levels left

rFire   . . .      SeeInvis .   (no weapon)
rCold   . . .      Faith    .   o - +0 buckler
rNeg    . . .      Spirit   .   (helmet currently unavailable)
rPois   +          Reflect  .   r - amulet of magic regeneration {@e2}
rElec   .          Harm     .   b - ring of magical power
rCorr   .          Rampage  .   c - ring of flight
Will    +....      NoTele   +   p - ring of willpower
Stlth   ++++......              v - +6 ring of intelligence
HPRegen 0.29/turn               y - +6 ring of strength
MPRegen 0.60/turn               (no ring)
                                (no ring)
                                (no ring)

@: tree-form, hasted, drained, very quick
A: stationary, stasis, torment immunity, boosted hp, almost no armour,
(amphibious), 8 rings, (camouflage 1), (gelatinous body 1), (nimble swimmer 1),
(tentacles)
a: Renounce Religion, Potion Petition, Call Merchant, Bribe Branch


You were on level 10 of the Dungeon.
You worshipped Gozag.
Gozag was pleased with you.
You were a tree.
You visited 2 branches of the dungeon, and saw 11 of its levels.

You collected 1803 gold pieces.
You spent 260 gold pieces at shops.
You paid 720 gold pieces to Gozag.


Innate Abilities, Weirdness & Mutations

You are a tree.
Your roots penetrate the ground, keeping you stationary.
You cannot be teleported.
You are immune to unholy pain and torment.
Your maximum health is greatly increased.
You cannot wear most types of armour.
((You are amphibious.))
You can wear up to eight rings at the same time.
((Your skin changes colour to match your surroundings (Stealth+).))
((Your rubbery body absorbs attacks. (AC +1, EV +1)))
((You are camouflaged when in or above water. (Stealth+)))
((You have tentacles for arms and can constrict up to eight enemies at once.))


   Skills:
 - Level 10.0 Fighting
 - Level 10.0 Dodging
 - Level 10.0 Stealth
 - Level 5.0 Spellcasting
 - Level 1.0 Transmutations
 + Level 9.2 Poison Magic
 + Level 1.5 Evocations


You had 13 spell levels left.
You knew the following spells:

 Your Spells              Type           Power      Damage    Failure   Level
a - Sting                 Tmut/Pois      100%       1d8       1%          1
b - Poisonous Vapours     Pois/Air       64%        N/A       1%          2
c - Olgreb's Toxic Radia  Pois           56%        N/A       1%          4

Your spell library contained the following spells:

 Spells                   Type           Power      Damage    Failure   Level
 Mephitic Cloud           Conj/Pois/Air  24%        N/A       8%          3
 Apportation              Tloc           14%        N/A       9%          1
 Magic Dart               Conj           28%        1d4       9%          1
 Necrotise                Necr           28%        1d5       9%          1
 Summon Small Mammal      Summ           28%        N/A       9%          1
 Call Imp                 Summ           7%         N/A       14%         2
 Call Canine Familiar     Summ           7%         N/A       26%         3
 Portal Projectile        Hex/Tloc       14%        N/A       26%         3
 Anguish                  Hex/Necr       3%         N/A       65%         4
 Leda's Liquefaction      Hex/Erth       3%         N/A       65%         4
 Dispersal                Tloc           3%         N/A       100%        6
 Enfeeble                 Hex            3%         N/A       100%        7
 Disjunction              Tloc           3%         N/A       100%        8

Inventory:

Hand Weapons
 h - a +1 dagger of protection {short}
   (You found it on level 1 of the Dungeon)
 s - a +4 dagger {short}
   (You took it off a wight on level 6 of the Dungeon)
Missiles
 m - a curare-tipped dart {=fthrowing}
Armour
 o - a +0 buckler (worn)
   (You found it on level 3 of the Dungeon)
Jewellery
 b - a ring of magical power (left branch)
   (You found it on level 1 of the Dungeon)
 c - a ring of flight (right branch)
   (You found it on level 3 of the Dungeon)
 p - a ring of willpower (on tentacle)
   (You found it on level 3 of the Dungeon)
 r - an amulet of magic regeneration (around neck) {@e2}
   (You found it on level 5 of the Dungeon)
 v - a +6 ring of intelligence (on tentacle)
   (You found it on level 7 of the Dungeon)
 y - a +6 ring of strength (on tentacle)
   (You found it on level 7 of the Dungeon)
Wands
 z - a wand of iceblast (15)
   (You found it on level 7 of the Dungeon)
 F - a wand of flame (10)
   (You bought it in a shop on level 9 of the Dungeon)
Scrolls
 d - 3 scrolls of torment {!r}
 f - a scroll of fog
 k - 2 scrolls of vulnerability {!r!r}
 l - 2 scrolls of enchant armour
 u - a scroll of amnesia
 A - a scroll of identify {@r1}
 B - 3 scrolls of blinking {!r}
 C - a scroll of summoning
 D - a scroll of fear
Potions
 a - a potion of magic
 e - 2 potions of brilliance
 g - a potion of lignification {!q}
 i - a potion of resistance
 n - 9 potions of curing {@q1}
 q - a potion of mutation {!q}
 t - 3 potions of berserk rage {unknown}
 w - 2 potions of ambrosia {unknown}
 x - a potion of attraction {!q}

Dungeon Overview and Level Annotations

Branches:
Dungeon (10/15) Zot: 26833  Temple (1/1) D:5 Zot: 5765    Lair (0/6) D:8
    Orc: D:9-12

Altars:
Ashenzari
Cheibriados
Dithmenos
Elyvilon
Fedhas
Gozag
Hepliaklqana
Kikubaaqudgha
Makhleb
Nemelex Xobeh
Okawaru
Qazlal
Ru
Sif Muna
Trog
Uskayaw
Vehumet
Wu Jian
Xom
Yredelemnul
Zin
The Shining One

Shops:
D:6 *   D:9 **

Annotations:
D:4 1 runed translucent door, Gus979's ghost, amateur DrTm
D:6 exclusions: centaur and statue
D:9 exclusions: acid dragon and downstairs

. #<#.z..# ...
###z#.z.#
.....##.......#
..........##..####
........#..##....#
....#.####.....#.
...... ##z.#..#
..... #zz## #
..... #♣## ....
#Oh# .### #z## ..
#.# #. .. ##. $


You could see a two-headed ogre (very poisoned), a warg and 4 wights.


Message History

There is a stone staircase leading up here.
You fly upwards.
Level annotation: exclusion: acid dragon
There is a stone staircase leading down here.
(D) Dungeon (T) Temple (L) Lair
Where to? (Enter - D:10, ? - help)
There is an open door here.
There is an open door here.
There is an open door here.
There is an open door here.
There is an open door here.
You see here 2 throwing nets {=fthrowing}.
There is an open door here.
There is a stone staircase leading down here.
You see here a +0 dagger {short}.
You fly downwards.
There is a stone staircase leading up here. 2 wights come into view.
A wight comes into view. It is wielding a +1 morningstar.
You see here a potion of curing {@q1}.
n - 9 potions of curing {@q1} (gained 1)
The warg howls!
You hear two shouts!
You hit the warg but do no damage.
Your weapon exudes an aura of protection.
The warg bites you!
HP[-14]
You take 14 damage, and now have 67/81 hp.
You hit the warg. The warg bites you! The warg misses you.
HP[-10]
You take 10 damage, and now have 57/81 hp.
You hit the warg but do no damage. The warg bites you!
A two-headed ogre comes into view.
It is wielding a +0 dire flail and a +0 giant club.
HP[-12]
You take 12 damage, and now have 45/81 hp.
You hit the warg but do no damage. The warg bites you.
The wight hits you with a +0 long sword.
* * * LOW HITPOINT WARNING * * *
You feel drained.
HP[-6]
You now have 80 max hp (-1).
You take 6 damage, and now have 39/80 hp.
You completely miss the warg. The warg misses you. The warg barely misses you.
Casting: Olgreb's Toxic Radiance (dangerous; 1% risk of failure)
Confirm with . or Enter, or press ? or * to list all spells.
You begin to radiate toxic energy.
The two-headed ogre is poisoned.
The two-headed ogre looks even sicker.
The warg bites you but does no damage. The wight closely misses you.
MP[-4]
You lost 4 mp, and now have 23/27 mp.
Okay, then.
Really quaff the potion of lignification?
You turn into a tree.
Your roots penetrate the ground.
Your toxic aura wanes.
The warg bites you but does no damage. You block the wight's attack.
The wight hits you but does no damage.
HP[+21] MP[+1]
You now have 120 max hp (+40).
You regained 21 hp, and now have 60/120 hp.
Your +1 dagger of protection {short} goes still.
You are now empty-handed.
The warg bites you but does no damage.
You feel yourself speed up. You block the wight's attack.
The wight hits you with a +0 morningstar!
* * * LOW HITPOINT WARNING * * *
You feel drained.
* * * LOW HITPOINT WARNING * * *
The warg bites you but does no damage.
HP[-12] MP[+1]
You now have 115 max hp (-5).
You take 12 damage, and now have 48/115 hp.
You hit the warg. The warg bites you but does no damage.
The wight hits you with a +0 morningstar!
* * * LOW HITPOINT WARNING * * *
The wight hits you with a +0 long sword.
* * * LOW HITPOINT WARNING * * *
You feel drained.
* * * LOW HITPOINT WARNING * * *
HP[-14]
You now have 114 max hp (-1).
You take 14 damage, and now have 34/114 hp.
You hit the two-headed ogre but do no damage.
The warg bites you but does no damage.
You completely miss the two-headed ogre.
The two-headed ogre hits you with a +0 dire flail!
* * * LOW HITPOINT WARNING * * *
The two-headed ogre hits you but does no damage.
The wight hits you but does no damage. x2; The warg bites you.
* * * LOW HITPOINT WARNING * * *
HP[-12] MP[+1]
You take 12 damage, and now have 22/114 hp.
You hit the two-headed ogre. The wight completely misses you.
The wight hits you but does no damage. x2
The warg bites you but does no damage.
You smack the two-headed ogre!
The two-headed ogre hits you with a +0 dire flail!
* * * LOW HITPOINT WARNING * * *
The two-headed ogre hits you with a +0 giant club.
* * * LOW HITPOINT WARNING * * *
The wight hits you with a +0 morningstar.
You die...
Your body crumbles into a pile of gold.

Skill      XL: |  1  2  3  4  5  6  7  8  9 10 11 |
---------------+----------------------------------+-----
Stealth        | 3 4 5 10 | 10.0
Poison Magic   | 4 5 7 8 9 |  9.2
Fighting       | 2 5 7 9 10 | 10.0
Dodging        | 3 5 7 9 10 | 10.0
Spellcasting   | 4 5 |  5.0
Evocations     | 1 |  1.5
Transmutations | |  1.0

Action                   |  1- 3 |  4- 6 |  7- 9 | 10-12 || total
-------------------------+-------+-------+-------+-------++-------
Melee: Constrict         |     3 |    12 |    18 |     3 ||    36
       Unarmed           |     2 |       |    29 |     5 ||    36
       Dagger            |     4 |    42 |    78 |    47 ||   171
       Tentacles         |     2 |     7 |    26 |    12 ||    47
       Punch             |       |       |     1 |       ||     1
 Cast: Sting             |    69 |    23 |    36 |     2 ||   130
       Poisonous Vapours |     7 |    95 |    56 |    14 ||   172
       Olgreb's Toxic Ra |       |       |    50 |    77 ||   127
Invok: Call Merchant     |       |       |       |     1 ||     1
Evoke: Wand              |       |       |       |     3 ||     3
  Use: Scroll            |       |     9 |     7 |     4 ||    20
       Potion            |       |     1 |     5 |     2 ||     8
 Stab: Sleeping          |       |     2 |     2 |       ||     4
       Distracted        |       |       |       |     1 ||     1
Armor: Skin              |     3 |    12 |    34 |    21 ||    70
Dodge: Dodged            |    18 |    41 |    55 |    51 ||   165
Block: Buckler           |       |       |     9 |     9 ||    18

Levels and vault maps discovered:
D:1:      beargit_arrival_diablo_church, layout_basic, serial_curves,
          eino_curves_03, eino_curves_01, ebering_ecumenical_altar_petrified,
          minmay_hexomino_c4
D:2:      layout_rooms, uniq_terence
D:3:      layout_rooms, lemuel_doored_altar, hex_intersection
D:4:      layout_cave_pools, jmf_multi_god_temple, gammafunk_ghost_grave
D:5:      layout_loops_ring, lemuel_crystal_altar,
          minmay_temple_entry_proselytizer, minmay_misc_feat_room
D:6:      layout_loops_ring, vehumet_statue, corexii_checkpoint_a,
          guppyfry_shop_venom
D:7:      layout_loops_cross, nrook_loot_triangle, uniq_joseph
D:8:      kennysheep_housing_project, layout_rooms, dpeg_lair_monsters,
          serial_corexii_hall, chequers_hall_statues_corner_a,
          corexii_hall_statues_t
D:9:      layout_roguey, serial_shops, nicolae_stop_n_shop_2
D:10:     layout_rooms, david_orc_3, uniq_psyche
Temple:   minmay_crystal_spiral_temple

Notes
Turn   | Place    | Note
-------+----------+-------------------------------------------
     0 | D:1      | zeratav the Octopode Venom Mage began the quest for the
                  | Orb.
     0 | D:1      | Reached XP level 1. HP: 11/11 MP: 3/3
     0 | D:1      | magus.rc [v1.9.6]
   184 | D:1      | Found a faded altar of an unknown god.
   386 | D:1      | Reached skill level 3 in Stealth
   603 | D:1      | Reached XP level 2. HP: 17/17 MP: 5/5
   606 | D:1      | Learned a level 2 spell: Poisonous Vapours
   705 | D:1      | Reached skill level 4 in Poison Magic
  1014 | D:1      | You pick up a book of Minor Magic and begin reading...
  1014 | D:1      | You add the spells Magic Dart and Call Imp to your library.
  1268 | D:1      | Reached XP level 3. HP: 21/21 MP: 6/6
  1641 | D:2      | Reached skill level 4 in Stealth
  1988 | D:2      | Reached XP level 4. HP: 27/27 MP: 6/7
  2130 | D:2      | Noticed Terence
  2140 | D:2      | Killed Terence
  2141 | D:2      | Reached skill level 5 in Stealth
  2141 | D:2      | Reached skill level 5 in Poison Magic
  2797 | D:3      | Reached XP level 5. HP: 21/31 MP: 1/8
  2904 | D:3      | HP: 4/31 [orc/+4 flail (9)]
  3315 | D:3      | Reached skill level 6 in Poison Magic
  3960 | D:3      | You pick up a book of Cantrips and begin reading...
  3960 | D:3      | You add the spells Necrotise, Summon Small Mammal and
                  | Apportation to your library.
  4065 | D:3      | You pick up a book of the Warp and begin reading...
  4065 | D:3      | You add the spells Dispersal and Disjunction to your
                  | library.
  4181 | D:3      | Found a blossoming altar of Fedhas.
  4489 | D:4      | Reached skill level 7 in Poison Magic
  4489 | D:4      | Reached XP level 6. HP: 34/36 MP: 4/9
  4789 | D:4      | Found a bloodstained altar of Trog.
  4965 | D:4      | Found a stormy altar of Qazlal.
  5015 | D:4      | Reached skill level 8 in Poison Magic
  5321 | D:4      | Noticed a black bear
  5349 | D:4      | Killed a black bear
  5350 | D:4      | Reached XP level 7. HP: 32/41 MP: 10/10
  5665 | D:4      | Found a runed translucent door.
  5904 | D:4      | Noticed Gus979's ghost (amateur DrTm)
  5923 | D:5      | Entered Level 5 of the Dungeon
  5936 | D:5      | Reached skill level 9 in Poison Magic
  6095 | D:5      | Learned a level 4 spell: Olgreb's Toxic Radiance
  6145 | D:5      | Reached skill level 1 in Fighting
  6504 | D:5      | Reached skill level 2 in Fighting
  6504 | D:5      | Reached skill level 3 in Dodging
  6820 | D:5      | Reached XP level 8. HP: 51/51 MP: 11/11
  6824 | D:5      | Reached skill level 3 in Fighting
  6834 | D:5      | Reached skill level 4 in Dodging
  6928 | D:5      | Found a staircase to the Ecumenical Temple.
  6943 | Temple   | Entered the Ecumenical Temple
  7209 | D:5      | Found an opulent altar of Gozag.
  7219 | D:5      | Became a worshipper of Gozag Ym Sagoz the Greedy
  7874 | D:6      | Found Qiacvol's Serpentskin Sales.
  7883 | D:6      | Identified the amulet "Elealath" {Spirit Stlth+}
  8120 | D:6      | Reached skill level 4 in Fighting
  8277 | D:6      | Found a radiant altar of Vehumet.
  8430 | D:6      | Reached skill level 5 in Dodging
  8876 | D:7      | Reached skill level 5 in Fighting
  9134 | D:7      | Reached skill level 3 in Spellcasting
  9189 | D:7      | Noticed Joseph
  9375 | D:7      | Reached skill level 4 in Spellcasting
  9378 | D:7      | HP: 10/55 [iguana (4)]
  9380 | D:7      | Reached XP level 9. HP: 12/61 MP: 15/15
  9704 | D:7      | Reached skill level 5 in Spellcasting
 10279 | D:8      | Noticed a death yak
 10335 | D:7      | Killed Joseph
 10694 | D:7      | Reached skill level 6 in Fighting
 10694 | D:7      | Reached skill level 6 in Dodging
 11056 | D:8      | HP: 12/58 [wight/+4 great sword (4)]
 11344 | D:8      | Reached skill level 7 in Fighting
 11344 | D:8      | Reached skill level 7 in Dodging
 11540 | D:8      | Reached XP level 10. HP: 71/71 MP: 17/17
 11578 | D:8      | Reached skill level 8 in Fighting
 11578 | D:8      | Reached skill level 8 in Dodging
 11689 | D:8      | Noticed a death yak
 11729 | D:8      | Killed a death yak
 11787 | D:8      | Noticed a death yak
 11845 | D:8      | Killed a death yak
 11845 | D:8      | HP: 14/73 [orc warrior/bolt (7)]
 11846 | D:8      | Reached skill level 9 in Fighting
 11851 | D:8      | HP: 3/74 [orc warrior/bolt (12)]
 11880 | D:8      | Reached skill level 9 in Dodging
 12237 | D:8      | Found a staircase to the Lair.
 12340 | D:8      | Killed a death yak
 12790 | D:8      | You pick up a book of the Hunter and begin reading...
 12790 | D:8      | You add the spells Call Canine Familiar, Portal Projectile
                  | and Leda's Liquefaction to your library.
 12864 | D:8      | Reached XP level 11. HP: 81/81 MP: 18/18
 13282 | D:9      | Reached skill level 10 in Fighting
 13282 | D:9      | Reached skill level 10 in Dodging
 13289 | D:9      | Reached skill level 6 in Stealth
 13342 | D:9      | Reached skill level 7 in Stealth
 13403 | D:9      | Reached skill level 8 in Stealth
 13705 | D:9      | Reached skill level 9 in Stealth
 13753 | D:9      | You pick up a book of Maledictions and begin reading...
 13753 | D:9      | You add the spells Anguish and Enfeeble to your library.
 14047 | D:9      | Reached skill level 10 in Stealth
 14089 | D:9      | Reached skill level 1 in Evocations
 14181 | D:9      | Found Tisuff's Assorted Antiques.
 14190 | D:9      | Bought a scroll of identify for 52 gold pieces
 14190 | D:9      | Bought a scroll labelled RIDIUT NOMO for 26 gold pieces
 14190 | D:9      | Bought a runed fluorescent wand for 104 gold pieces
 14190 | D:9      | Bought a potion of curing for 78 gold pieces
 14466 | D:10     | Entered Level 10 of the Dungeon
 14621 | D:10     | Noticed a two-headed ogre
 14630 | D:10     | HP: 28/114 [two-headed ogre/+0 dire flail (7)]
 14632 | D:10     | HP: 7/114 [two-headed ogre/+0 dire flail (15)]
 14632 | D:10     | Slain by a wight

Vanquished Creatures
  3 death yaks (D:8)
  Joseph (D:7)
  24 yaks
  3 wyverns
  An ice beast (D:5)
  4 orc warriors
  A sky beast (D:7)
  A black bear (D:4)
  A centaur (D:7)
  5 kobold brigands
  3 bullfrogs (D:8)
  A necrophage (D:7)
  5 scorpions
  3 gnoll sergeants
  5 wights
  3 killer bees (D:9)
  3 howler monkeys
  9 orc priests
  7 hounds
  2 jellies
  3 gnoll boudas
  7 orc wizards
  Terence (D:2)
  8 iguanas
  20 gnolls
  8 adders
  2 river rats (D:8)
  2 shadow imps
  A white imp (D:6)
  An ufetubus (D:6)
  3 worms
  24 orcs
  5 ball pythons
  12 endoplasms
  5 giant cockroaches
  7 goblins
  7 hobgoblins
  3 jackals
  25 kobolds
  3 quokkas
  4 bats
  4 frilled lizards
  3 rats
243 creatures vanquished.

Vanquished Creatures (others)
  37 plants (D:8)
37 creatures vanquished.

Grand Total: 280 creatures vanquished

Table legend:
 A = Non-vault XP
 B = Vault XP
 C = Vault XP percentage of total XP
 D = Non-vault monster count
 E = Vault monster count
 F = Vault count percentage of total count
                 A         B        C        D         E       F
            +---------+---------+-------+---------+---------+-------
      Total |    9781 |    3968 |  28.9 |     192 |      51 |  21.0
            +---------+---------+-------+---------+---------+-------
        D:1 |      24 |      13 |  35.1 |      14 |       7 |  33.3
        D:2 |      75 |      36 |  32.4 |      21 |       1 |   4.5
        D:3 |     122 |       0 |   0.0 |      17 |       0 |   0.0
        D:4 |     388 |      15 |   3.7 |      15 |       2 |  11.8
        D:5 |     772 |      41 |   5.0 |      23 |       1 |   4.2
        D:6 |     308 |       5 |   1.6 |       9 |       2 |  18.2
        D:7 |    1120 |     475 |  29.8 |      25 |       1 |   3.8
        D:8 |    2463 |    3383 |  57.9 |      33 |      37 |  52.9
        D:9 |    4455 |       0 |   0.0 |      34 |       0 |   0.0
       D:10 |      54 |       0 |   0.0 |       1 |       0 |   0.0
            +---------+---------+-------+---------+---------+-------

Illustrated notes

Table legend:
 A = Kills in this place as a percentage of kills in entire the game.
 B = Kills by you in this place as a percentage of kills by you in the entire game.
 C = Kills by friends in this place as a percentage of kills by friends in the entire game.
 D = Other kills in this place as a percentage of other kills in the entire game.
 E = Experience gained in this place as a percentage of experience gained in the entire game.
 F = Experience gained in this place divided by the number of levels of this place that you have seen.
                   A       B       C       D       E      F
               +-------+-------+-------+-------+-------+----------------------
         Total | 100.0 | 100.0 |   N/A |   N/A | 100.0 | 1249.9
       Dungeon | 100.0 | 100.0 |   N/A |   N/A | 100.0 | 1374.9
               +-------+-------+-------+-------+-------+----------------------

Table legend: (Time is in decaauts)
 A = Elapsed time spent in this place.
 B = Non-inter-level travel time spent in this place.
 C = Inter-level travel time spent in this place.
 D = Time resting spent in this place.
 E = Time spent auto-exploring this place.
 F = Levels seen in this place.
 G = Mean time per level.
                   A        B        C        D        E       F      G
               +--------+--------+--------+--------+--------+-----+--------+
         Total |  14624 |  13790 |    834 |   5213 |   3879 |  11 | 1329.5 |
       Dungeon |  14389 |  13639 |    750 |   5213 |   3744 |  10 | 1438.9 |
        Temple |    234 |    150 |     84 |      0 |    135 |   1 |  234.0 |
               +--------+--------+--------+--------+--------+-----+--------+

Top non-repeatable levels by time:
     D:8: 2201 daAuts
     D:7: 1840 daAuts
     D:2: 1744 daAuts
     D:1: 1630 daAuts
     D:6: 1582 daAuts
     D:4: 1543 daAuts
     D:5: 1409 daAuts
     D:9: 1358 daAuts
     D:3: 987 daAuts
  Temple: 234 daAuts
    D:10: 93 daAuts
